 Dungeon Crawl Stone Soup version 0.30.0-29-ga12c61a403 (webtiles) character file.

Game seed: 11787837151010947105

50 Wkid the Chiller (level 3, 18/26 HPs)
             Began as a Gnoll Ice Elementalist on June 14, 2023.
             Quit the game on level 2 of the Dungeon.
             The game lasted 00:02:46 (1399 turns).

Wkid the Chiller (Gnoll Ice Elementalist)           Turns: 1399, Time: 00:02:47

Health: 18/26      AC:  2    Str:  7    XL:     3   Next: 79%
Magic:  9/9        EV: 13    Int: 16    God:
Gold:   84         SH:  0    Dex: 12    Spells: 11/12 levels left

rFire   . . .        g - +0 dagger
rCold   . . .        (no shield)
rNeg    . . .        a - +0 robe
rPois   .            (no helmet)
rElec   .            (no cloak)
rCorr   .            (no gloves)
SInv    .            (no boots)
Will    .....        (no amulet)
Stlth   ++           (no ring)
HPRegen 0.24/turn    (no ring)
MPRegen 0.11/turn

%: no passive effects
@: no status effects
A: fangs 1, strong nose, distributed training
a: no special abilities


You were on level 2 of the Dungeon.
You visited 1 branch of the dungeon, and saw 2 of its levels.

You collected 106 gold pieces.
You spent 22 gold pieces at shops.

Inventory:

Hand Weapons
 g - a +0 dagger (weapon)
Armour
 a - a +0 robe (worn)
Jewellery
 e - a ring of poison resistance
Scrolls
 c - a scroll of butterflies {unknown}
 f - a scroll of magic mapping {unknown}
 h - a scroll of identify
 i - a scroll of fog {unknown}
 k - a scroll of poison {unknown}
 m - a scroll of blinking {unknown}
Potions
 b - a potion of magic
 d - a potion of berserk rage {unknown}
 j - a potion of curing {unknown}
 l - a potion of lignification {unknown}


   Skills:
 + Level 1.0 Fighting
 + Level 1.0 Short Blades
 + Level 1.0 Long Blades
 + Level 1.0 Axes
 + Level 1.0 Maces & Flails
 + Level 1.0 Polearms
 + Level 1.0 Staves
 + Level 1.0 Ranged Weapons
 + Level 1.0 Throwing
 + Level 1.0 Armour
 + Level 4.6 Dodging
 + Level 4.2 Stealth
 + Level 1.0 Shields
 + Level 1.0 Unarmed Combat
 + Level 5.0 Spellcasting
 + Level 0.7 Conjurations
 + Level 0.7 Hexes
 + Level 0.7 Summonings
 + Level 0.7 Necromancy
 + Level 0.7 Translocations
 + Level 0.7 Transmutations
 + Level 0.7 Fire Magic
 + Level 7.1 Ice Magic
 + Level 0.7 Air Magic
 + Level 0.7 Earth Magic
 + Level 0.7 Poison Magic
 + Level 1.0 Invocations
 + Level 1.0 Evocations


You had 11 spell levels left.
You knew the following spells:

 Your Spells              Type           Power      Damage    Failure   Level
a - Freeze                Ice            100%       1d10      1%          1

Your spell library contained the following spells:

 Spells                   Type           Power      Damage    Failure   Level
 Frozen Ramparts          Ice            52%        1d8       2%          3
 Ozocubu's Armour         Ice            26%        N/A       2%          3
 Apportation              Tloc           12%        N/A       12%         1
 Foxfire                  Conj/Fire      24%        2x1d5     12%         1
 Necrotise                Necr           24%        1d5       12%         1
 Summon Small Mammal      Summ           24%        N/A       12%         1
 Summon Ice Beast         Ice/Summ       16%        N/A       30%         4
 Metabolic Englaciation   Hex/Ice        8%         N/A       63%         5
 Petrify                  Tmut/Erth      6%         N/A       75%         4
 Fireball                 Conj/Fire      3%         3d4       97%         5
 Irradiate                Conj/Tmut      3%         3d12      97%         5
 Statue Form              Tmut/Erth      4%         N/A       100%        6
 Dragon Form              Tmut           3%         N/A       100%        7


Dungeon Overview and Level Annotations

Branches:
Dungeon (2/15)

Altars:
Zin

Shops:
D:1 ?


Innate Abilities, Weirdness & Mutations

You have very sharp teeth.
Your uncanny sense of smell can sniff out nearby items.
Your experience applies equally to all skills.


Message History

Your Ranged Weapons skill increases to level 1!
Your Throwing skill increases to level 1!
Your Armour skill increases to level 1!
Your Shields skill increases to level 1!
Your Unarmed Combat skill increases to level 1!
Your Evocations skill increases to level 1!
Unknown command.
You feel sick.
You feel sick.
You feel sick.
You feel sick.
You are no longer poisoned.
You see here 9 gold pieces.
You now have 84 gold pieces (gained 9).
Found 6 gold pieces.
An endoplasm comes into view.
An endoplasm is nearby!
The endoplasm quivers.
The endoplasm completely misses you.
You hit the endoplasm.
The endoplasm is lightly wounded.
The endoplasm barely misses you.
You hit the endoplasm.
You punch the endoplasm, but do no damage.
The endoplasm is moderately wounded.
The endoplasm freezes you.
You are frozen.
You hit the endoplasm.
You bite the endoplasm, but do no damage.
The endoplasm is almost dead.
The endoplasm freezes you.
You are frozen.
You hit the endoplasm.
You kill the endoplasm!
No target in view!
Search for what [Enter for "."]? weapon Save game and exit?
Welcome back, Wkid the Gnoll Ice Elementalist.
Press ? for a list of commands and other information.
Are you sure you want to abandon this character and quit the game? (Confirm with "yes".)

#................#....
####........#...##....
##............## ...
#...........#..# ..
##............(.#
#...........#.#.#
##..........#.#...
#............#....
##.........@## ...
##..........#
###........#
#........###
#.....<....#
#........#....
#........#####
##########


There were no monsters in sight!

Vanquished Creatures
  A gnoll (D:1)
  An adder (D:2)
  2 dart slugs (D:1)
  A ball python (D:1)
  A bat (D:1)
  5 endoplasms
  7 goblins
  2 hobgoblins (D:1)
  2 frilled lizards (D:1)
  A kobold (D:1)
  2 rats (D:1)
25 creatures vanquished.

Notes
Turn   | Place    | Note
-------+----------+-------------------------------------------
     0 | D:1      | Wkid the Gnoll Ice Elementalist began the quest for the
                  | Orb.
     0 | D:1      | Reached XP level 1. HP: 13/13 MP: 6/6
   224 | D:1      | Found a faded altar of an unknown god.
   260 | D:1      | Got Plato's Handbook of Left-Handed Arts
   303 | D:1      | Reached XP level 2. HP: 19/19 MP: 5/7
   653 | D:1      | Found The Oracle's Delphic Readings.
   695 | D:1      | Bought a scroll of identify for 22 gold pieces
   719 | D:1      | Reached skill level 5 in Spellcasting
   719 | D:1      | Reached XP level 3. HP: 25/25 MP: 5/9
   780 | D:1      | Reached skill level 1 in Invocations
  1112 | D:1      | Got the Parchment of Molten Transition
  1339 | D:2      | Found a glowing silver altar of Zin.
  1358 | D:2      | Reached skill level 1 in Fighting
  1358 | D:2      | Reached skill level 1 in Short Blades
  1358 | D:2      | Reached skill level 1 in Long Blades
  1358 | D:2      | Reached skill level 1 in Axes
  1358 | D:2      | Reached skill level 1 in Maces & Flails
  1358 | D:2      | Reached skill level 1 in Polearms
  1358 | D:2      | Reached skill level 1 in Staves
  1358 | D:2      | Reached skill level 1 in Ranged Weapons
  1358 | D:2      | Reached skill level 1 in Throwing
  1358 | D:2      | Reached skill level 1 in Armour
  1358 | D:2      | Reached skill level 1 in Shields
  1358 | D:2      | Reached skill level 1 in Unarmed Combat
  1358 | D:2      | Reached skill level 1 in Evocations
  1399 | D:2      | Quit the game

Illustrated notes

Levels and vault maps discovered:
D:1:      dpeg_arrival_signposts, layout_loops_cross,
          shapermc_ecumenical_altar_rom_forum, dk_noncrumbling_3,
          minmay_misc_feat_encased, minmay_door_square, eino_curves_04,
          minmay_misc_feat_alley, amcnicky_mini_pool_small,
          nicolae_nh_oracle_at_delphi
D:2:      layout_rooms, basic_altar

Skill      XL: |  1  2  3 |
---------------+----------+-----
Spellcasting   | 5 |  5.0
Invocations    | 1 |  1.0
Fighting       | 1 |  1.0
Short Blades   | 1 |  1.0
Long Blades    | 1 |  1.0
Axes           | 1 |  1.0
Maces & Flails | 1 |  1.0
Polearms       | 1 |  1.0
Staves         | 1 |  1.0
Ranged Weapons | 1 |  1.0
Throwing       | 1 |  1.0
Armour         | 1 |  1.0
Shields        | 1 |  1.0
Unarmed Combat | 1 |  1.0
Evocations     | 1 |  1.0
Dodging        | |  4.6
Stealth        | |  4.2
Conjurations   | |  0.7
Hexes          | |  0.7
Summonings     | |  0.7
Necromancy     | |  0.7
Translocations | |  0.7
Transmutations | |  0.7
Fire Magic     | |  0.7
Ice Magic      | |  7.1
Air Magic      | |  0.7
Earth Magic    | |  0.7
Poison Magic   | |  0.7

Action                     || total
---------------------------++-------
  Melee: Dagger            ||    14
         Punch             ||     1
         Bite              ||     1
   Cast: Freeze            ||    28
   Stab: Sleeping          ||     2
 Armour: Robe              ||     2
  Dodge: Dodged            ||    17
